 Dungeon Crawl Stone Soup version 0.19-a0-1127-gac58878 (webtiles) character file.

989 4thArraOfDagon the Chopper (level 8, -4/50 HPs)
             Began as a Gargoyle Berserker on Aug 12, 2016.
             Was a Believer of Trog.
             Killed from afar by Harold (17 damage)
             ... with a bolt of fire
             ... on level 1 of the Orcish Mines.
             The game lasted 00:05:47 (1118 turns).

4thArraOfDagon the Chopper (Gargoyle Berserker)     Turns: 1118, Time: 00:05:47

Health: -4/50      AC: 19    Str: 24    XL:     8   Next: 18%
Magic:  8/8        EV:  4    Int:  7    God:    Trog [**....]
Gold:   108        SH:  0    Dex:  9    Spells: 0 memorised, 7 levels left

rFire  . . .     SeeInvis .     i - +0 war axe
rCold  . . .     Gourm    .     w - +0 plate armour
rNeg   + . .     Faith    .     (no shield)
rPois  ∞         Spirit   .     (no helmet)
rElec  +         Dismiss  .     d - +0 cloak
rCorr  .         Reflect  .     (no gloves)
SustAt .         Harm     .     e - +0 pair of boots
MR     ++...                    (no amulet)
Stlth  ..........               (no ring)
                                (no ring)

@: exhausted, held, regenerating, slowed, very slow
A: negative energy resistance 1, electricity resistance, unbreathing,
petrification resistance, rot immunity, AC +5
a: Berserk, Trog's Hand, Burn Spellbooks, Renounce Religion


You were on level 1 of the Orcish Mines.
You worshipped Trog.
Trog was pleased with you.
You were very hungry.

You visited 2 branches of the dungeon, and saw 11 of its levels.

You collected 108 gold pieces.

Inventory:

Hand Weapons
 a - a +0 hand axe
 g - a +0 blowgun
 i - a +0 war axe (weapon)
 n - the +2 glaive of Optimality {venom, rPois}
   (You found it on level 4 of the Dungeon)

   It poisons the flesh of those it strikes.
   It protects you from poison.
Missiles
 s - 6 curare-tipped needles
Armour
 b - a +0 animal skin
 d - a +0 cloak (worn)
 e - a +0 pair of boots (worn)
 f - a +0 chain mail
 w - a +0 plate armour (worn)
Scrolls
 h - 2 scrolls of remove curse {unknown}
 k - a scroll of amnesia {unknown}
 l - 3 scrolls of identify {unknown}
 o - a scroll of magic mapping {unknown}
 p - a scroll of random uselessness {unknown}
 q - a scroll of enchant armour {unknown}
Potions
 j - 2 potions of flight {unknown}
 m - a potion of resistance
 u - a potion of might {unknown}
 v - 2 potions of cancellation
Comestibles
 c - 2 bread rations
 r - 3 meat rations
 t - 2 chunks of flesh


   Skills:
 - Level 5.5 Fighting
 * Level 5.9 Axes
 + Level 5.0 Armour
 - Level 3.6 Dodging


You had 7 spell levels left.
You didn't know any spells.

Dungeon Overview and Level Annotations

Branches:
Dungeon (9/15)                Orc (2/2) D:9
 Temple: D:4-7         Lair: D:8-11         Elf: Orc:2

Altars:
Okawaru

Shops:
D:8 }

Annotations:
Orc:1 Harold
Orc:2 Azrael


Innate Abilities, Weirdness & Mutations

You are resistant to torment.
Your stone body is resilient. (AC +5)
You are immune to poison.
You resist negative energy. (rN+)
You are resistant to electric shocks. (rElec)
You can survive without breathing.
You are immune to petrification.
You are immune to rotting.


Message History

Harold throws a throwing net.
The throwing net hits you.
You become entangled in the net!
The orc barely misses you. x2
There is a stone staircase leading down here.
Things that are here:
a throwing net; a tomahawk Unknown command.
Unknown command.
Unknown command.
Your skin crawls.
You feel resistant to hostile enchantments.
You are feeling very hungry.
The orc wizard mumbles some strange words.
The orc wizard flickers and vanishes!
Deactivating autopickup; reactivate with Ctrl-A.
The orc hits you but does no damage.
You hear some strange, mumbled words.
The orc hits you but does no damage.
Harold points at you and mumbles some strange words.
The bolt of fire hits you!
You die...

....... .....##
#.....# .
###.....# #..
##.#.....#..#.
#........o....
#.....o.{....
#...<@o.o....
#.......o....
#............
#.............
....$....@.....
................
.....##.#.......
###.# ..##......


You could see Harold, an orc warrior and 4 orcs.

Vanquished Creatures
  Sigmund (D:2)
  A fire elemental (Orc:2)
  A hell hound (Orc:2)
  An orc warrior (Orc:2)
  A phantom (D:8)
  A big kobold (D:8)
  A scorpion (D:7)
  A water moccasin skeleton (D:8)
  An electric eel (D:8)
  A giant frog skeleton (D:7)
  2 orc wizards (Orc:2)
  2 worker ants
  3 adders
  An adder skeleton (D:4)
  2 dart slugs (D:4)
  2 giant geckos
  7 orcs
  A giant cockroach (D:3)
  6 goblins
  3 hobgoblins
  4 jackals (D:1)
  4 kobolds
  A quokka (D:8)
  3 bats
  A giant newt (D:2)
  2 rats (D:2)
54 creatures vanquished.

Notes
Turn   | Place    | Note
-------+----------+-------------------------------------------
     0 | D:1      | 4thArraOfDagon the Gargoyle Berserker began the quest for the Orb.
     0 | D:1      | Reached XP level 1. HP: 14/14 MP: 1/1
   101 | D:2      | Reached XP level 2. HP: 20/20 MP: 2/2
   157 | D:2      | Noticed Sigmund
   164 | D:2      | RIP
   247 | D:2      | Reached XP level 3. HP: 19/24 MP: 3/3
   293 | D:2      | Killed Sigmund
   293 | D:2      | Reached XP level 4. HP: 11/30 MP: 4/4
   293 | D:2      | Reached XP level 5. HP: 13/34 MP: 5/5
   391 | D:2      | Reached ** piety under Trog
   499 | D:4      | Got a slimy glaive
   500 | D:4      | Identified the +2 glaive of Optimality {venom, rPois} (You found it on level 4 of the Dungeon)
   502 | D:4      | at least its carp
   560 | D:4      | Reached XP level 6. HP: 39/39 MP: 6/6
   586 | D:4      | Found an iron altar of Okawaru.
   630 | D:5      | Entered Level 5 of the Dungeon
   756 | D:8      | Found Zelozaydi's Gadget Emporium.
   848 | D:8      | Reached XP level 7. HP: 37/44 MP: 7/7
   904 | D:8      | Reached skill level 5 in Fighting
  1024 | D:9      | Found a staircase to the Orcish Mines.
  1029 | Orc:1    | Entered Level 1 of the Orcish Mines
  1029 | Orc:1    | Noticed Harold
  1032 | Orc:2    | Entered Level 2 of the Orcish Mines
  1041 | Orc:2    | Reached skill level 5 in Axes
  1087 | Orc:2    | why
  1095 | Orc:2    | Noticed a fire elemental
  1096 | Orc:2    | Noticed Azrael
  1096 | Orc:2    | Noticed a fire elemental
  1109 | Orc:2    | Reached XP level 8. HP: 39/50 MP: 8/8
  1114 | Orc:2    | Reached skill level 5 in Armour
  1118 | Orc:1    | Killed from afar by Harold

Vault maps used:
D:1:      minmay_arrival_checkered_box
D:2:      uniq_sigmund
D:3:      first_bread, serial_glass, glass_columns_a, glass_columns_b,
          due_unseen_surprise, item_on_display_a, item_on_display_a,
          uniq_grinder, uniq_jessica
D:4:      minmay_goblin_kobold_castle, okawaru_gym_becter, serial_shops,
          shop_coins
D:5:      makhleb_grotto_becter, kiku_gazebo_garden_becter
D:6:      enter_ossuary_5, basic_altar
D:7:      kennysheep_housing_project, serial_shops, shop_statue, shop, shop,
          the_bakery
D:8:      grunt_temple_overflow_open, serial_shops, shop, serial_bayou_lagoon_b
D:9:      orc_0_dummy
Orc:1:    uniq_harold
Orc:2:    pf_orc_diabolical, serial_shops, shop, uniq_azrael, uniq_rupert

Skill      XL: |  1  2  3  4  5  6  7  8 |
---------------+-------------------------+-----
Axes           | 3 4 5 |  5.9
Fighting       | 4 5 |  5.5
Armour         | 3 4 5 |  5.0
Dodging        | 2 3 |  3.6

Action                   |  1- 3 |  4- 6 |  7- 9 || total
-------------------------+-------+-------+-------++-------
Melee: Hand axe          |    80 |    21 |       ||   101
       War axe           |       |    92 |    44 ||   136
Throw: Throwing net      |     1 |       |       ||     1
Invok: Berserk           |     3 |     3 |     2 ||     8
       Trog's Hand       |       |       |     2 ||     2
  Use: Potion            |     2 |       |       ||     2
       Scroll            |     1 |       |       ||     1
  Eat: Chunk             |       |     6 |     3 ||     9
Armor: Animal skin       |    10 |       |       ||    10
       Chain mail        |    44 |   101 |    28 ||   173
       Plate armour      |       |       |    11 ||    11
Dodge: Dodged            |    41 |    57 |    28 ||   126
